 Dungeon Crawl Stone Soup version 0.23.2-33-g5129a83184 (webtiles) character file.

Game seed: 11164350315535179710

48 DildoBatman the Magician (level 4, -1/30 HPs)
             Began as a Formicid Wizard on Aug 12, 2019.
             Slain by a rat (3 damage)
             ... on level 2 of the Dungeon.
             The game lasted 00:04:35 (1810 turns).

DildoBatman the Magician (Formicid Wizard)          Turns: 1810, Time: 00:04:36

Health: -1/30      AC: -4    Str: 12    XL:     4   Next: 0%
Magic:  6/8        EV: 12    Int: 18    God:
Gold:   38         SH:  0    Dex:  9    Spells: 2/9 levels left

rFire    . . .     SeeInvis +   a - +0 dagger
rCold    . . .     Gourm    .   (no shield)
rNeg     . . .     Faith    .   d - +0 robe
rPois    .         Spirit   .   (helmet unavailable)
rElec    .         Reflect  .   (no cloak)
rCorr    .         Harm     .   (no gloves)
MR       .....                  (no boots)
Stlth    ++........             (no amulet)
HPRegen  0.10/turn              c - -6 ring of protection (curse)
MPRegen  0.11/turn              (no ring)

@: no status effects
A: permanent stasis, dig shafts and tunnels, four strong arms, antennae 3
a: Dig, Shaft Self


You were on level 2 of the Dungeon.
You were not hungry.

You visited 1 branch of the dungeon, and saw 2 of its levels.

You collected 38 gold pieces.

Inventory:

Hand Weapons
 a - a +0 dagger (weapon)
 b - a +0 club
Missiles
 e - 51 stones (quivered)
 g - 62 arrows
Armour
 d - a +0 robe (worn)
Jewellery
 c - a cursed -6 ring of protection (left hand)
Scrolls
 f - a scroll of remove curse {unknown}
 h - a scroll of enchant armour {unknown}
 k - 4 scrolls of identify {unknown}
 l - a scroll of fog {unknown}
 m - 3 scrolls of random uselessness {unknown}
Potions
 i - a potion of curing {unknown}
Comestibles
 j - 2 chunks of flesh
 v - 4 rations


   Skills:
 - Level 1.7 Dodging
 - Level 2.4 Stealth
 - Level 3.2 Spellcasting
 * Level 3.1 Conjurations
   Level 1.0 Summonings
   Level 0.8 Translocations


You had 2 spell levels left.
You knew the following spells:

 Your Spells              Type           Power        Failure   Level  Hunger
a - Conjure Flame         Conj/Fire      #.......     26%         3    ###....
c - Magic Dart            Conj           ##..         4%          1    None
e - Mephitic Cloud        Conj/Pois/Air  #.......     30%         3    ###....

Your spell library contained the following spells:

 Spells                   Type           Power        Failure   Level  Hunger
 Call Imp                 Summ           #.......     16%         2    ##.....
 Slow                     Hex            #.......     24%         2    ##.....
 Blink                    Tloc           Unusable     N/A         2    N/A

Dungeon Overview and Level Annotations

Branches:
Dungeon (2/15)

Altars:

Annotations:
D:2 1 exclusion


Innate Abilities, Weirdness & Mutations

You cannot be hasted, slowed, berserked, paralysed or teleported.
You can dig through walls and to a lower floor.
Your four strong arms can wield two-handed weapons with a shield.
You have a pair of large antennae on your head. (SInv)


Message History

The rat closely misses you. The rat misses you.
What are your orders? t - Shout!
Orders for allies: a - Attack new target. r - Retreat! s - Stop attacking. g - Guard the area. f - Follow me.
Anything else - Cancel.
You shout for attention!
The rat closely misses you. The rat bites you. What are your orders? t - Shout!
Orders for allies: a - Attack new target. r - Retreat! s - Stop attacking. g - Guard the area. f - Follow me.
Anything else - Cancel.
You shout for attention!
The rat bites you.
You die...

#<# #.# #.# #.# #.# #.#
#.# #.# #.# ##.## #.# #.#
#...# #### #.#
#.#####...### ... #.#
#...........# #.#####$##
#........##.#
##........###r@####..##.#
#..........##r'.# +.###.#
#.######...##.### #.# #.#
..> #..)##.'.#{+.# #.#
### #...##.### #.# #.#
#......+ +.# #.# #.).#..#
#.###.#
##########...##.+{
{+..##.#
#............##.# #..##.#


You could see 2 rats.

Vanquished Creatures
  An adder (D:2)
  An ooze (D:2)
  A leopard gecko (D:1)
  3 giant cockroaches
  3 goblins (D:1)
  4 hobgoblins
  A quokka (D:2)
  3 bats (D:1)
  4 frilled lizards
  7 kobolds
  7 rats (D:1)
35 creatures vanquished.

Notes
Turn   | Place    | Note
-------+----------+-------------------------------------------
     0 | D:1      | DildoBatman the Formicid Wizard began the quest for the
                  | Orb.
     0 | D:1      | Reached XP level 1. HP: 13/13 MP: 4/4
    70 | D:1      | Reached skill level 1 in Conjurations
   376 | D:1      | Reached XP level 2. HP: 8/19 MP: 1/6
  1046 | D:1      | Reached XP level 3. HP: 24/24 MP: 3/7
  1051 | D:1      | Learned a level 3 spell: Conjure Flame
  1055 | D:1      | Learned a level 3 spell: Mephitic Cloud
  1778 | D:2      | Reached XP level 4. HP: 19/30 MP: 2/8
  1809 | D:2      | HP: 1/30 [rat (3)]
  1810 | D:2      | Slain by a rat

Skill      XL: |  1  2  3 |
---------------+----------+-----
Conjurations   | 1 2 3 |  3.1
Dodging        | |  1.7
Stealth        | |  2.4
Spellcasting   | |  3.2
Summonings     | |  1.0
Translocations | |  0.8

Action                   |  1- 3 |  4- 6 || total
-------------------------+-------+-------++-------
Melee: Dagger            |     4 |       ||     4
 Cast: Magic Dart        |    77 |     1 ||    78
       Conjure Flame     |     1 |       ||     1
 Abil: Dig               |     1 |     1 ||     2
  Eat: Chunk             |     3 |       ||     3
Armor: Robe              |     1 |       ||     1
Dodge: Dodged            |    15 |    11 ||    26
